 Dungeon Crawl Stone Soup version 0.27-a0-668-gb5737ff2c0 (webtiles) character file.

Game seed: 17231982332554380760

44 robertstho the Shield-Bearer (level 3, -5/33 HPs)
             Began as a Minotaur Fighter on Mar 17, 2021.
             Slain by Sigmund
             ... wielding a +0 scythe
              (10 damage)
             ... on level 2 of the Dungeon.
             The game lasted 00:01:09 (1179 turns).

robertstho the Shield-Bearer (Minotaur Fighter)     Turns: 1179, Time: 00:01:10

Health: -5/33      AC:  7    Str: 21    XL:     3   Next: 41%
Magic:  2/2        EV:  7    Int:  5    God:
Gold:   31         SH:  0    Dex: 15    Spells: 2/2 levels left

rFire    . . .     SeeInvis .   a - +0 war axe
rCold    . . .     Faith    .   c - +0 kite shield
rNeg     . . .     Spirit   .   b - +0 scale mail
rPois    .         Reflect  .   (helmet restricted)
rElec    .         Harm     .   (no cloak)
rCorr    .         Rampage  .   (no gloves)
Will     .....                  (no boots)
Stlth    ..........             (no amulet)
HPRegen  0.11/turn              h - +6 ring of dexterity
MPRegen  0.08/turn              (no ring)

@: confused, mighty
A: horns 2, retaliatory headbutt
a: no special abilities


You were on level 2 of the Dungeon.
You visited 1 branch of the dungeon, and saw 2 of its levels.

You collected 31 gold pieces.

Inventory:

Hand Weapons
 a - a +0 war axe (weapon)
Armour
 b - a +0 scale mail (worn)
 c - a +0 kite shield (worn)
Jewellery
 h - a +6 ring of dexterity (right hand)
Scrolls
 e - a scroll of torment {unknown}
 f - a scroll of fear {unknown}
 g - 2 scrolls of identify {unknown}
 i - 3 scrolls of amnesia {unknown}
 j - a scroll of magic mapping {unknown}


   Skills:
 * Level 4.2 Fighting
 + Level 2.9 Axes
 * Level 4.1 Armour
 + Level 4.3 Shields


You had 2 spell levels left.
You didn't know any spells.
Your spell library was empty.

Dungeon Overview and Level Annotations

Branches:
Dungeon (2/15)

Altars:

Annotations:
D:2 Sigmund


Innate Abilities, Weirdness & Mutations

You have a pair of horns on your head.
You reflexively headbutt those who attack you in melee.


Message History

The leopard gecko is almost dead.
The leopard gecko bites you but does no damage.
The leopard gecko barely misses you. You furiously retaliate!
You headbutt the leopard gecko.
You kill the leopard gecko!
You closely miss the rat.
The rat is heavily wounded.
The rat bites you but does no damage. You block the rat's attack.
You closely miss the rat.
The rat is heavily wounded.
You block the rat's attack.
You closely miss the rat.
The rat is heavily wounded.
The rat barely misses you. The rat bites you but does no damage.
You slash the rat!
You kill the rat!
The kobold throws a stone.
You block the stone. The kobold hits you but does no damage.
Something hits you but does no damage.
Things that are here:
a leopard gecko corpse; a bat corpse You barely miss the kobold.
You block the kobold's attack. Something hits you.
The kobold barely misses you. You furiously retaliate!
You headbutt the kobold.
You kill the kobold!
Something hits you!
* * * LOW HITPOINT WARNING * * *
Things that are here:
a stone; 12 gold pieces Your shield prevents you from hitting something.
Your headbutt misses something.
You hear some strange, mumbled words.
You are confused.
You hear some strange, mumbled words.
A magic dart appears from out of thin air!
The magic dart hits you.
* * * LOW HITPOINT WARNING * * *
You feel very mighty all of a sudden.
You hear some strange, mumbled words.
Something tries to affect you, but you resist.
You bump into the rock wall.
Something hits you!
You die...

........#.......
........#...<...
........#.......
................
.......#..#####
.......#..# .......#..#
###############.{#
#........# ##@########
#........# #†#...)..#
#........# #.#.####.#
#........# ####.#.#....#
#........####....#.#.####
#..........##.####.#.#
#..........##.# #.#.#
#..........##.####.#.#
#...........#......#.###


There were no monsters in sight!

Vanquished Creatures
  2 adders (D:2)
  A leopard gecko (D:2)
  2 ball pythons (D:2)
  2 giant cockroaches
  A goblin (D:1)
  4 hobgoblins
  4 bats
  A frilled lizard (D:1)
  4 kobolds
  3 rats
24 creatures vanquished.

Vanquished Creatures (others)
  8 plants (D:1)
8 creatures vanquished.

Grand Total: 32 creatures vanquished

Notes
Turn   | Place    | Note
-------+----------+-------------------------------------------
     0 | D:1      | robertstho the Minotaur Fighter began the quest for the
                  | Orb.
     0 | D:1      | Reached XP level 1. HP: 19/19 MP: 0/0
   352 | D:1      | Reached XP level 2. HP: 27/27 MP: 1/1
  1035 | D:2      | Reached XP level 3. HP: 30/33 MP: 2/2
  1157 | D:2      | Noticed Sigmund
  1179 | D:2      | Slain by Sigmund

Illustrated notes

Levels and vault maps discovered:
D:1:      scummos_arrival_star, layout_basic, serial_forest,
          infiniplex_forest_clump_large, infiniplex_forest_lined_corner,
          infiniplex_forest_clump_long, infiniplex_forest_clump_double,
          infiniplex_forest_clump_diagonal, infiniplex_forest_lined_room_3,
          infiniplex_forest_clump_medium, infiniplex_forest_clump_C
D:2:      layout_basic, nicolae_ru_path_of_blood,
          chequers_ecumenical_altar_grove, uniq_sigmund, uniq_robin

Skill      XL: |  1  2 |
---------------+-------+-----
Fighting       | 4 |  4.2
Armour         | 4 |  4.1
Shields        | 4 |  4.3
Axes           | |  2.9

Action                   || total
-------------------------++-------
Melee: War axe           ||    60
       Headbutt          ||     5
  Use: Potion            ||     1
Armor: Scale mail        ||    31
Dodge: Dodged            ||    18
Block: Kite shield       ||    48

Table legend: (Time is in decaauts)
 A = Elapsed time spent in this place.
 B = Non-inter-level travel time spent in this place.
 C = Inter-level travel time spent in this place.
 D = Time resting spent in this place.
 E = Time spent auto-exploring this place.
 F = Levels seen in this place.
 G = Mean time per level.
                   A        B        C        D        E       F      G
               +--------+--------+--------+--------+--------+-----+--------+
         Total |   1213 |   1192 |     21 |      0 |   1018 |   2 |  606.5 |
       Dungeon |   1213 |   1192 |     21 |      0 |   1018 |   2 |  606.5 |
               +--------+--------+--------+--------+--------+-----+--------+

Top non-repeatable levels by time:
     D:1: 939 daAuts
     D:2: 274 daAuts
